 Dungeon Crawl Stone Soup version 0.17-a0-1430-g49fde19 (webtiles) character file.

116 pulse the Chopper (level 5, 23/41 HPs)
             Began as a Formicid Fighter on June 25, 2015.
             Was a Follower of Dithmenos.
             Quit the game on level 2 of the Dungeon.
             The game lasted 00:04:17 (1381 turns).

pulse the Chopper (Formicid Fighter)                Turns: 1381, Time: 00:04:17

Health: 23/41      AC: 11    Str: 21    XL:     5   Next: 20%
Magic:  5/5        EV:  5    Int:  8    God:    Dithmenos [*.....]
Gold:   122        SH:  9    Dex: 10    Spells: 0 memorised, 4 levels left

rFire  . . .     SeeInvis +     a - +0 war axe
rCold  . . .     Clarity  .     d - +0 chain mail
rNeg   . . .     SustAt   .     c - +0 shield
rPois  .         Gourm    .     (helmet unavailable)
rElec  .         Spirit   .     (no cloak)
rCorr  .         Warding  .     j - +0 pair of gloves
rMut   .         Stasis   +     (no boots)
MR     .....                    (no amulet)
Stlth  ..........               (no ring)
                                k - +1 ring of protection

@: wreathed by umbra, not resistant to hostile enchantments, extremely
unstealthy
A: permanent stasis, dig shafts and tunnels, four strong arms, antennae 3
a: Dig, Shaft Self, Renounce Religion


You were on level 2 of the Dungeon.
You worshipped Dithmenos.
Dithmenos was aware of your devotion.
You were hungry.

You visited 1 branch of the dungeon, and saw 2 of its levels.

You collected 122 gold pieces.

Inventory:

Hand weapons
 a - a +0 war axe (weapon)
Armour
 c - a +0 shield (worn)
 d - a +0 chain mail (worn)
 j - a +0 pair of gloves (worn)
 o - a +0 pair of boots
Jewellery
 k - a +1 ring of protection (left hand)
Scrolls
 f - 2 scrolls of identify {unknown}
 g - 2 scrolls of remove curse {unknown}
 l - 3 scrolls of immolation {unknown}
Potions
 b - a potion of beneficial mutation {unknown}
 i - 2 potions of heal wounds {unknown}
 q - a potion of experience {unknown}
Comestibles
 e - 3 bread rations
 h - 2 meat rations
 m - a chunk of flesh
 n - a slice of pizza
 p - a fruit


   Skills:
 - Level 3.2 Fighting
 * Level 5.0 Axes
 - Level 3.2 Armour
 - Level 3.6 Shields


You had 4 spell levels left.
You didn't know any spells.

Dungeon Overview and Level Annotations

Branches:
Dungeon (2/15)

Altars:
Dithmenos


Innate Abilities, Weirdness & Mutations

You are under a permanent stasis effect.
You can dig through walls and to a lower floor.
Your four strong arms can wield two-handed weapons with a shield.
You have a pair of large antennae on your head (SInv).


Message History

You kill the goblin!
Dithmenos accepts your kill.
The kobold throws a stone.
The stone hits you but does no damage. You block the worm's attack.
Your shield and chain mail prevent you from hitting the worm.
The worm is severely wounded.
You hit the worm.
You kill the worm!
Dithmenos accepts your kill.
Your Axes skill increases to level 5!
The kobold throws a stone.
The stone completely misses you.
Unknown command.
The kobold throws a stone.
The stone hits you but does no damage.
Things that are here:
a stone; a worm corpse The kobold throws a stone.
You block the stone.
You see here 2 stones.
Unknown command.
Unknown command.
Are you sure you want to abandon this character and quit the game? (Confirm with "yes".)

#....8...###...#..>#(
#...8.8..# #.#.##..†(
#..8._.8.# #.#.######
#...8.8..# #.#.#
#....8...# #.#.#
#........# #.#.#
.######.##########.#.##
...K....#####...#.....##
.######)((@............#
#.#####...#......# #.#
#####.#.#.# #.#
##.###.#.#.# #.#
###..†...#.#(#### ...
.###.#####.#..((# #.# .#
#.# #......< #
#.##.###†##########.# #.
#.##...<........ #†#


You could see a kobold.

Vanquished Creatures
  Terence (D:2)
  4 adders (D:2)
  4 worms (D:2)
  2 giant geckos
  A ball python (D:1)
  A giant cockroach (D:2)
  4 goblins
  5 hobgoblins
  2 jackals (D:1)
  7 kobolds
  4 bats (D:1)
  4 giant newts
  4 rats
43 creatures vanquished.

Notes
Turn   | Place    | Note
--------------------------------------------------------------
     0 | D:1      | pulse the Formicid Fighter began the quest for the Orb.
     0 | D:1      | Reached XP level 1. HP: 18/18 MP: 1/1
   200 | D:1      | Reached XP level 2. HP: 24/24 MP: 2/2
   506 | D:1      | Reached XP level 3. HP: 26/29 MP: 3/3
   904 | D:2      | Reached skill level 4 in Axes
   904 | D:2      | Reached XP level 4. HP: 13/35 MP: 4/4
  1177 | D:2      | Noticed Terence
  1196 | D:2      | Killed Terence
  1283 | D:2      | Reached XP level 5. HP: 32/41 MP: 5/5
  1298 | D:2      | Found a faded altar to an unknown god.
  1323 | D:2      | Became a worshipper of Dithmenos the Shadowed
  1378 | D:2      | Reached skill level 5 in Axes
  1381 | D:2      | Quit the game

Vault maps used:
D:1:      arrival_zaba_pyramid, kennysheep_nondescript
D:2:      first_bread, ecumenical_altar_2, minmay_crystal_room, uniq_sigmund,
          uniq_terence

Action                   |  1- 3 |  4- 6 || total
-------------------------+-------+-------++-------
Melee: War axe           |    80 |    55 ||   135
  Use: Potion            |       |     1 ||     1
  Eat: Chunk             |       |     1 ||     1
